AoeStats
← KruisControl

Oasis

508337395Analyzed
4v4 RM · 10d ago on Sep 22, 2026· 35m 31s· 8 players
Game mode
Random Map
Map size
Large (8 player)
Population
200
Speed
Normal
Resources
Standard
Victory
Conquest
Starting age
Dark Age
Ending age
Imperial Age
RankedLock teamsTeams togetherTeam positionsShared explorationLock speedFull tech treeHidden civsTurbo modeCheats
Victory
Defeat
🇨🇳 Britons · China
1021
+13
🇨🇴 Turks · Colombia
1015
+13
🇲🇽 Inca · Mexico
1009
+14
🇺🇸 Khmer · United States
1002
+14
🇺🇸 Byzantines · United States
1043
-16
🇺🇸 Slavs · United States
1038
-16
🇺🇸 Ethiopians · United States
1008
-16
🇺🇸 Franks · United States
739
-6
EvenEdge
10:19 Feudal Age
14:51 Castle Age
13:07 Double-Bit Axe
13:39 Horse Collar
16:02 Heavy Plow
16:48 Bow Saw
21:36 Gold Mining
22:25 Wheelbarrow
23:02 Gold Shaft Mining
23:21 Hand Cart
29:16 Imperial Age
26:54 Husbandry
28:10 Forging
28:06 Scale Barding Armor
34:08 Iron Casting
33:55 Chain Barding Armor
Co-Yeyo
2:49 Loom
12:35 Feudal Age
16:44 Castle Age
14:47 Double-Bit Axe
14:53 Horse Collar
16:18 Gold Mining
24:26 Imperial Age
22:23 Fervor
23:12 Bow Saw
23:39 Gold Shaft Mining
26:14 Caravan
26:08 Fletching
27:01 Wheelbarrow
26:54 Ballistics
34:25 Bodkin Arrow
34:45 Padded Archer Armor
Im Noob
9:39 Feudal Age
11:35 Loom
16:41 Castle Age
22:57 Crossbowman
23:28 Double-Bit Axe
26:20 Bow Saw
25:52 Horse Collar
34:19 Wheelbarrow
37:02 Imperial Age
34:38 Padded Archer Armor
34:29 Fletching
35:44 Leather Archer Armor
BarbarianDave117
8:50 Loom
11:01 Feudal Age
12:05 Champi Runner
14:18 Scale Mail Armor
16:34 Forging
22:33 Castle Age
22:39 Double-Bit Axe
22:45 Gold Mining
22:36 Horse Collar
26:38 Champi Warrior
27:20 Squires
27:06 Arson
32:36 Chain Mail Armor
32:20 Pikeman
Velt2216
13:05 Feudal Age
12:35 Loom
19:07 Double-Bit Axe
23:24 Gold Mining
30:34 Castle Age
29:17 Fletching
30:31 Padded Archer Armor
31:09 Forging
33:08 Crossbowman
33:53 Thumb Ring
34:51 Bodkin Arrow
AmateurHour
11:08 Feudal Age
11:29 Horse Collar
11:36 Double-Bit Axe
16:26 Scale Barding Armor
19:11 Bloodlines
21:25 Forging
21:22 Horse Collar
25:25 Castle Age
23:55 Gold Mining
26:57 Wheelbarrow
26:47 Chain Barding Armor
27:15 Bow Saw
27:06 Heavy Plow
28:26 Gold Shaft Mining
30:18 Hand Cart
35:26 Imperial Age
33:40 Redemption
KruisControl
11:57 Feudal Age
12:32 Double-Bit Axe
13:42 Arson
16:49 Scale Barding Armor
17:08 Gold Mining
21:08 Castle Age
20:36 Loom
22:42 Chain Barding Armor
22:25 Husbandry
24:10 Bow Saw
34:20 Imperial Age
35:00 Gold Shaft Mining
34:16 Stone Mining
35:55 Plate Barding Armor
disgruntledDutch
4:35 Loom
11:49 Feudal Age
12:51 Double-Bit Axe
14:24 Man-at-Arms
17:32 Scale Mail Armor
21:37 Fletching
21:47 Padded Archer Armor
27:00 Castle Age
26:57 Wheelbarrow
26:32 Horse Collar
27:02 Elite Skirmisher
27:55 Thumb Ring
28:11 Bow Saw
28:07 Bodkin Arrow
28:28 Leather Archer Armor
28:39 Pikeman
33:14 Fortified Wall
33:10 Gold Mining
33:11 Stone Mining
33:32 Scale Barding Armor
33:38 Forging
34:28 Heavy Plow
37:02 Imperial Age
Connection lost

Rejoining the realm…

Still unreachable

The connection could not be restored.

Session expired

The server has moved on; the page needs a fresh start.